 Dungeon Crawl Stone Soup version 0.15-a0-1936-gbed3715 (webtiles) character file.

51 Quh the Magician (level 3, -2/24 HPs)
             Began as a Demonspawn Wizard on July 8, 2014.
             Slain by an orc wizard
             ... wielding a +2 dagger of holy wrath
              (6 damage)
             ... on Level 2 of the Dungeon.
             The game lasted 00:09:45 (2283 turns).

Quh the Magician (Demonspawn Wizard)                Turns: 2283, Time: 00:09:46

HP  -2/24        AC  3     Str  7      XL: 3   Next: 57%
MP   0/8         EV 14     Int 20      God:
Gold 68          SH  0     Dex 11      Spells:  4 memorised,  1 level left

rFire  . . .     SeeInvis .     k - +0 dagger
rCold  . . .     Clarity  .     a - +0 robe
rNeg   . . .     rCorr    .     (no shield)
rPois  +         rRot     .     b - +0 hat
rElec  .         Spirit   .     (no cloak)
SustAb .         Warding  .     (no gloves)
rMut   .         Stasis   .     x - +0 pair of boots
Gourm  .                        (no amulet)
MR     .....                    t - ring of regeneration
                                o - ring of poison resistance

@: not resistant to hostile enchantments, unstealthy
A: horns 1, repulsion field 1
a: no special abilities


You were on level 2 of the Dungeon.
You were not hungry.

You visited 1 branch of the dungeon, and saw 3 of its levels.

You collected 68 gold pieces.

Inventory:

Hand weapons
 g - a +0 club
 k - a +0 dagger (weapon)
 m - a +0 short sword
Missiles
 f - 64 stones (quivered)
 l - 28 arrows
Armour
 a - a +0 robe (worn)
 b - a +0 hat (worn)
 x - a +0 pair of boots (worn)
 y - a +0 robe
Comestibles
 d - a bread ration
 n - a meat ration
 w - a chunk of hobgoblin flesh
Scrolls
 h - 3 scrolls of remove curse
 i - 3 scrolls of magic mapping {unknown}
 q - a scroll of amnesia {unknown}
 r - a scroll of immolation {unknown}
 s - a scroll of noise {unknown}
 v - a scroll of fog {unknown}
Jewellery
 o - a ring of poison resistance (left hand)
 p - an uncursed ring of flight
 t - a ring of regeneration (right hand)
 u - an uncursed ring of invisibility
Potions
 e - a potion of curing {unknown}
 j - a potion of heal wounds
 z - a potion of mutation {unknown}
 A - a potion of magic {unknown}
Books
 c - a book of Minor Magic

   Spells                             Type                      Level
   *Magic Dart                        Conjuration                  1
   *Blink                             Translocation                2
   *Call Imp                          Summoning                    2
   *Repel Missiles                    Charms/Air                   2
   Slow                               Hexes                        2
   Conjure Flame                      Conjuration/Fire             3
   Mephitic Cloud                     Conjuration/Poison/Air       3


   Skills:
 - Level 1.7 Dodging
 - Level 1.7 Stealth
 + Level 3.2 Spellcasting
 * Level 2.6 Conjurations
 * Level 0.6 Charms
 + Level 1.2 Summonings
 * Level 1.2 Translocations


You had one spell level left.
You knew the following spells:

 Your Spells              Type           Power        Failure   Level  Hunger
a - Magic Dart            Conj           ##..         6%          1    None
b - Blink                 Tloc           N/A          14%         2    ##.....
c - Call Imp              Summ           #.......     14%         2    ##.....
d - Repel Missiles        Chrm/Air       #.....       21%         2    ##.....


Dungeon Overview and Level Annotations

Branches:
Dungeon (3/15)

Altars:
Makhleb


Innate Abilities, Weirdness & Mutations

You have a pair of small horns on your head.
You are surrounded by a mild repulsion field (EV +2).


Message History

Okay, then.
Drink which item? (? for menu, Esc to quit)
You feel much better.
It was a potion of heal wounds.
The orc wizard gestures at you while chanting.
You resist with significant effort.
You miss the orc wizard.
The orc wizard is moderately wounded.
The orc wizard casts a spell at you. You resist with significant effort.
The orc wizard barely misses you.
You closely miss the orc wizard.
The orc wizard is moderately wounded.
The orc wizard hits you but does no damage.
You barely miss the orc wizard.
The orc wizard is moderately wounded.
The orc wizard hits you with a glowing dagger!
You convulse!
The orc wizard hits you with a dagger of holy wrath.
* * * LOW HITPOINT WARNING * * *
You convulse.
You die...

#.#............##..#.###.##.###
#.#.......#....##..#.# #.##.#
#.#.......#..........# #.##.#
#.#................#.###'##.###
###..................#.##...#.#..
.....................#.##...#.#..
......#..............#.##...#.#..
####..#[....###.o##..#.##...#####
# #..#.....# ##@...........# ##_
# #..####### ####..#########8.. #
#........# ###..#########... #
#........# #...........#8... #
#........# #.#..######.##... #
#........# #.#..######.# .. #
#.......)# #<#.........#
#........# #.#..########
#........# #.#..#


You could see an orc wizard.

Vanquished Creatures
  An adder (D:2)
  A giant mite (D:3)
  An orc (D:3)
  3 bats
  5 giant cockroaches
  2 goblins (D:1)
  2 hobgoblins
  2 quokkas (D:2)
  3 giant newts
  7 kobolds
  8 rats
35 creatures vanquished.

Vanquished Creatures (collateral kills)
  An orc (D:3)
1 creature vanquished.

Vanquished Creatures (others)
  A shadow imp (D:3)
1 creature vanquished.

Grand Total: 37 creatures vanquished

Notes
Turn   | Place    | Note
--------------------------------------------------------------
     0 | D:1      | Quh, the Demonspawn Wizard, began the quest for the Orb.
     0 | D:1      | Reached XP level 1. HP: 13/13 MP: 4/4
   432 | D:1      | Gained mutation: You are surrounded by a mild repulsion field (EV +2). [demonic ancestry]
   432 | D:1      | Reached XP level 2. HP: 19/19 MP: 0/6
  1056 | D:2      | Learned a level 2 spell: Blink
  1059 | D:2      | Learned a level 2 spell: Call Imp
  1062 | D:2      | Learned a level 2 spell: Repel Missiles
  1068 | D:2      | Reached skill level 1 in Translocations
  1363 | D:2      | Found a burning altar of Makhleb.
  1618 | D:2      | Gained mutation: You have a pair of small horns on your head. [demonic ancestry]
  1618 | D:2      | Reached XP level 3. HP: 18/24 MP: 0/8
  2279 | D:2      | HP: 1/24 [orc wizard/magic dart (11)]
  2283 | D:2      | Slain by an orc wizard

Action                   || total
-------------------------++-------
Melee: Unarmed           ||     8
       Club              ||    15
       Dagger            ||    35
Throw: Stone             ||     7
 Cast: Magic Dart        ||    74
       Call Imp          ||     3
  Use: Scroll            ||     1
       Potion            ||     1
  Eat: Chunk             ||     4
